 Dungeon Crawl Stone Soup version 0.30-a0-218-gedb9141078 (webtiles) character file.

Game seed: 11572749683430786365

53 billz999 the Gusty (level 3, -2/31 HPs)
             Began as an Ogre Air Elementalist on Oct 5, 2022.
             Was a Believer of Sif Muna.
             Slain by a gnoll
             ... wielding a +0 flail
              (11 damage)
             ... on level 2 of the Dungeon.
             The game lasted 00:05:58 (1834 turns).

billz999 the Gusty (Ogre Air Elementalist)          Turns: 1834, Time: 00:05:59

Health: -2/31      AC:  3    Str:  9 (12) XL:     3   Next: 89%
Magic:  0/6        EV:  9    Int: 16 (18) God:    Sif Muna [**....]
Gold:   105        SH:  0    Dex:  8 (9)  Spells: 3/6 levels left

rFire   . . .      SeeInvis .    g - +0 club
rCold   . . .      Faith    +    (no shield)
rNeg    . . .      Spirit   .    a - +0 robe
rPois   .          Reflect  .    (helmet restricted)
rElec   .          Harm     .    (no cloak)
rCorr   .          Rampage  .    (gloves unavailable)
Will    +....                    (boots unavailable)
Stlth   +.........               d - amulet of faith
HPRegen 0.25/turn                i - ring of willpower
MPRegen 0.10/turn                (no ring)

@: no status effects
A: large, unfitting armour, tough skin 1
a: Renounce Religion, Channel Magic


You were on level 2 of the Dungeon.
You worshipped Sif Muna.
Sif Muna was pleased with you.
You visited 1 branch of the dungeon, and saw 2 of its levels.

You collected 105 gold pieces.

Inventory:

Hand Weapons
 g - a +0 club (weapon)
Missiles
 f - 5 poisoned darts
Armour
 a - a +0 robe (worn)
Jewellery
 d - an amulet of faith (around neck)
 i - a ring of willpower (left hand)
Scrolls
 c - a scroll of enchant weapon {unknown}
 e - a scroll of teleportation {unknown}
 k - a scroll of enchant armour {unknown}


   Skills:
 - Level 1.7 Dodging
 - Level 1.4 Stealth
 - Level 0.5 Unarmed Combat
 - Level 2.4 Spellcasting
 + Level 2.5 Conjurations
 - Level 2.6 Air Magic
 + Level 1.8 Invocations


You had 3 spell levels left.
You knew the following spells:

 Your Spells              Type           Power      Damage    Failure   Level
a - Shock                 Conj/Air       40%        1d5       7%          1
b - Static Discharge      Conj/Air       20%        2-3/arc   11%         2

Your spell library contained the following spells:

 Spells                   Type           Power      Damage    Failure   Level
 Swiftness                Air            10%        N/A       21%         3
 Inner Flame              Hex/Fire       1%         N/A       52%         3
 Airstrike                Air            5%         2d(1-17)  54%         4
 Flame Wave               Conj/Fire      6%         2d5       75%         4
 Sticky Flame             Conj/Fire      6%         2d3       75%         4


Dungeon Overview and Level Annotations

Branches:
Dungeon (2/15)

Altars:
Sif Muna


Innate Abilities, Weirdness & Mutations

You are too large for most types of armour.
You have tough skin. (AC +1)


Message History

Press: ? - help, Shift-Dir - straight line, f - gnoll
Aim: a gnoll, wielding a +0 flail (72% to hit)
The zap hits the gnoll.
The gnoll is moderately wounded.
Casting: Shock (safe; 7% risk of failure)
Confirm with . or Enter, or press ? or * to list all spells.
Aiming: Shock (safe; 7% risk of failure)
Press: ? - help, Shift-Dir - straight line, f/p - gnoll
Aim: a gnoll, wielding a +0 flail (moderately wounded, 72% to hit)
The zap hits the gnoll.
The gnoll is moderately wounded.
A gnoll comes into view. It is wielding a +0 spear.
Casting: Shock (safe; 7% risk of failure)
Confirm with . or Enter, or press ? or * to list all spells.
You don't have enough magic to cast this spell.
Unknown command.
The gnoll attacks as you move away! The gnoll barely misses you.
The gnoll attacks as you move away! The gnoll hits you with a +0 flail!
Casting: Shock (safe; 7% risk of failure)
Confirm with . or Enter, or press ? or * to list all spells.
Aiming: Shock (safe; 7% risk of failure)
Press: ? - help, Shift-Dir - straight line, p - gnoll The zap hits the gnoll.
The gnoll is heavily wounded.
The zap misses the gnoll.
The gnoll hits you with a +0 flail.
Casting: Shock (safe; 7% risk of failure)
Confirm with . or Enter, or press ? or * to list all spells.
Aiming: Shock (safe; 7% risk of failure)
Press: ? - help, Shift-Dir - straight line The zap hits the gnoll.
The gnoll is heavily wounded.
The gnoll hits you with a +0 flail.
Unknown command.
You barely miss the gnoll.
The gnoll is heavily wounded.
The gnoll barely misses you. The gnoll attacks as you move away!
The gnoll hits you with a +0 flail.
* * * LOW HITPOINT WARNING * * *
The gnoll attacks as you move away! The gnoll hits you with a +0 flail!
You die...

#..g...†##.†......#......
.g....##.#...#)######......##
..... #.....÷..# ####..##
.... ###.###..# ####.#### ...
#.# #..# ##........ #'
#g###..# #.....###. #
#.#....# #.....# #. #.#.##.#
#.....# #. #.#@##.#
#.....###. #.g....#
#.....#... ###.####
##.†###.#. #.# #........ #.#
##.###.## ..# #.....# ###
#######


You could see a gnoll.

Vanquished Creatures
  An adder (D:2)
  3 dart slugs
  2 endoplasms
  A giant cockroach (D:1)
  4 goblins
  6 hobgoblins
  2 quokkas
  5 ball pythons
  3 bats (D:1)
  A frilled lizard (D:1)
  2 kobolds (D:1)
  6 rats
36 creatures vanquished.

Vanquished Creatures (others)
  9 plants (D:2)
9 creatures vanquished.

Grand Total: 45 creatures vanquished

Notes
Turn   | Place    | Note
-------+----------+-------------------------------------------
     0 | D:1      | billz999 the Ogre Air Elementalist began the quest for the
                  | Orb.
     0 | D:1      | Reached XP level 1. HP: 16/16 MP: 3/3
    28 | D:1      | Reached skill level 1 in Conjurations
   274 | D:1      | Reached XP level 2. HP: 21/24 MP: 0/5
   518 | D:1      | Found a faded altar of an unknown god.
   533 | D:1      | Prayed at the altar of an unknown god.
   533 | D:1      | Became a worshipper of Sif Muna the Loreminder
   533 | D:1      | Reached * piety under Sif Muna
   610 | D:1      | Learned a level 2 spell: Static Discharge
   841 | D:1      | Reached XP level 3. HP: 31/31 MP: 0/6
  1017 | D:1      | Reached skill level 1 in Invocations
  1579 | D:2      | Reached ** piety under Sif Muna
  1653 | D:2      | HP: 1/31 [poisoned by an adder]
  1834 | D:2      | Slain by a gnoll

Illustrated notes

Levels and vault maps discovered:
D:1:      saegor_arrival_simple_e, layout_basic,
          chequers_ecumenical_altar_twisty, dk_noncrumbling_4,
          dreamdust_wishing_well
D:2:      layout_loops_corners, grunt_ministairs_10,
          chequers_serial_rivers_large_b, nicolae_grassy_gnolls

Skill      XL: |  1  2  3 |
---------------+----------+-----
Conjurations   | 1 2 |  2.5
Invocations    | 1 |  1.8
Dodging        | |  1.7
Stealth        | |  1.4
Unarmed Combat | |  0.5
Spellcasting   | |  2.4
Air Magic      | |  2.6

Action                   || total
-------------------------++-------
Melee: Unarmed           ||     8
       Club              ||    18
 Cast: Shock             ||    75
       Static Discharge  ||     3
  Use: Potion            ||     3
Armor: Robe              ||    14
Dodge: Dodged            ||    24

Table legend: (Time is in decaauts)
 A = Elapsed time spent in this place.
 B = Non-inter-level travel time spent in this place.
 C = Inter-level travel time spent in this place.
 D = Time resting spent in this place.
 E = Time spent auto-exploring this place.
 F = Levels seen in this place.
 G = Mean time per level.
                   A        B        C        D        E       F      G
               +--------+--------+--------+--------+--------+-----+--------+
         Total |   1866 |   1825 |     41 |    570 |   1035 |   2 |  933.0 |
       Dungeon |   1866 |   1825 |     41 |    570 |   1035 |   2 |  933.0 |
               +--------+--------+--------+--------+--------+-----+--------+

Top non-repeatable levels by time:
     D:1: 1134 daAuts
     D:2: 732 daAuts
